 Dungeon Crawl Stone Soup version 0.17-a0-1397-g0eee0a3 (webtiles) character file.

135 Fluffy the Cudgeler (level 5, 0/32 HPs)
             Began as a Gargoyle Fighter on June 17, 2015.
             Was an Initiate of Okawaru.
             Slain by Grinder (2 damage)
             ... while paralysed by Grinder
             ... on level 3 of the Dungeon.
             The game lasted 00:04:24 (2007 turns).

Fluffy the Cudgeler (Gargoyle Fighter)              Turns: 2007, Time: 00:04:24

Health: 0/32       AC: 13    Str: 19    XL:     5   Next: 18%
Magic:  6/6        EV:  2    Int:  9    God:    Okawaru [......]
Gold:   140        SH:  0    Dex: 15    Spells: 0 memorised, 4 levels left

rFire  . . .     SeeInvis .     a - +0 flail
rCold  . . .     Clarity  .     j - +0 chain mail
rNeg   + . .     SustAt   .     c - +0 shield
rPois  ∞         Gourm    .     (no helmet)
rElec  +         Spirit   .     (no cloak)
rCorr  .         Warding  .     (no gloves)
rMut   .         Stasis   .     (no boots)
MR     .....                    (no amulet)
Stlth  ..........               (no ring)
                                (no ring)

@: paralysed, agile, not resistant to hostile enchantments, extremely unstealthy
A: negative energy resistance 1, electricity resistance, unbreathing,
petrification resistance, rot immunity, AC +4
a: Renounce Religion


You were on level 3 of the Dungeon.
You worshipped Okawaru.
Okawaru was noncommittal.
You were not hungry.

You visited 1 branch of the dungeon, and saw 3 of its levels.

You collected 140 gold pieces.

Inventory:

Hand weapons
 a - a +0 flail (weapon)
Armour
 c - a +0 shield (worn)
 j - a +0 chain mail (worn)
Scrolls
 f - 5 scrolls of identify {unknown}
 g - a scroll of teleportation {unknown}
 k - a scroll of enchant armour {unknown}
 n - a scroll of amnesia {unknown}
 p - a scroll of remove curse {unknown}
Potions
 d - a potion of might
 i - a potion of invisibility {unknown}
 m - a potion of berserk rage {unknown}
Comestibles
 b - a beef jerky
 e - 3 bread rations
 l - a meat ration


   Skills:
 - Level 3.2 Fighting
 + Level 4.8 Maces & Flails
 - Level 3.2 Armour
 - Level 3.2 Shields
 + Level 1.8 Invocations


You had 4 spell levels left.
You didn't know any spells.

Dungeon Overview and Level Annotations

Branches:
Dungeon (3/15)

Altars:
Cheibriados
Okawaru
Ru

Annotations:
D:2 Robin
D:3 Grinder


Innate Abilities, Weirdness & Mutations

You are resistant to torment.
Your stone body is resilient (AC +4).
You are immune to poison.
You resist negative energy.
You are resistant to electric shocks.
You can survive without breathing.
You are immune to petrification.
You are immune to rotting.


Message History

Your shield and chain mail prevent you from hitting Grinder.
Grinder is heavily wounded.
You block Grinder's attack.
You closely miss Grinder.
Grinder is heavily wounded.
Grinder hits you but does no damage.
You closely miss Grinder.
Grinder is heavily wounded.
Grinder hits you.
* * * LOW HITPOINT WARNING * * *
Drink which item? (? for menu, Esc to quit)
It was a potion of agility.
You feel agile all of a sudden. Grinder gestures at you.
You suddenly lose the ability to move!
Grinder hits you but does no damage. Grinder hits you.
* * * LOW HITPOINT WARNING * * *
Grinder hits you.
You die...

#. #.# #.#
####.####
.....5..#
#.##5#
#.#@#.#
#..###.###
#.## #..
##.###.#.#
##.#.# .# #
##.## # #.
#.# ########
#. #.#
#.......
##.####.###.#
#.####..


You could see Grinder.

Vanquished Creatures
  Jessica (D:2)
  Natasha (D:3)
  5 worms
  2 giant geckos
  9 bats
  5 giant cockroaches
  8 hobgoblins
  4 giant newts
  17 goblins
  4 jackals (D:2)
  5 kobolds
  7 rats
68 creatures vanquished.

Notes
Turn   | Place    | Note
--------------------------------------------------------------
     0 | D:1      | Fluffy the Gargoyle Fighter began the quest for the Orb.
     0 | D:1      | Reached XP level 1. HP: 14/14 MP: 1/1
    80 | D:1      | Reached XP level 2. HP: 14/19 MP: 2/2
   469 | D:1      | Reached XP level 3. HP: 23/23 MP: 3/3
   547 | D:2      | Noticed Jessica
   556 | D:2      | Killed Jessica
   556 | D:2      | Reached skill level 4 in Maces & Flails
   744 | D:2      | Reached XP level 4. HP: 25/28 MP: 4/4
   828 | D:2      | Found an iron altar of Okawaru.
   836 | D:2      | Became a worshipper of Warmaster Okawaru
  1178 | D:2      | Noticed Robin
  1222 | D:2      | Reached skill level 1 in Invocations
  1262 | D:2      | Found a snail-covered altar of Cheibriados.
  1390 | D:2      | Found a sacrificial altar of Ru.
  1729 | D:3      | Noticed Natasha
  1754 | D:3      | Killed Natasha
  1754 | D:3      | Reached XP level 5. HP: 9/32 MP: 4/6
  1980 | D:3      | Noticed Grinder
  2004 | D:3      | Paralysed by Grinder for 5 turns
  2007 | D:3      | Slain by Grinder

Vault maps used:
D:1:      dpeg_arrival_tiny_c
D:2:      lemuel_round_altar, nicolae_ru_path_of_blood,
          overflow_temple_1_default, st_stairs_11, uniq_jessica, uniq_robin
D:3:      nicolae_gozag_seed_capital, first_bread, uniq_grinder, uniq_natasha

Action                   |  1- 3 |  4- 6 || total
-------------------------+-------+-------++-------
Melee: Flail             |   110 |   225 ||   335
  Use: Potion            |       |     1 ||     1
  Eat: Chunk             |       |     4 ||     4
